IL
COLUMBUS JETS @ RICHMOND BRAVES
07/19/1982
 
TOP OF THE 1ST
Columbus Jets batting - Pitching for Richmond Braves : RHP Jeff D Robinson
Pitching: RHP Jeff D Robinson
Batting: RHB Greg Schultz 0-0: Swinging Strike
0-1: Called Strike
0-2: Ball
1-2: Ground out 6-3 (Groundball, 6, EV 78.8 MPH)
Batting: RHB Jim Maler 0-0: Called Strike
0-1: Called Strike
0-2: Strikes out swinging
Batting: RHB Danny Tartabull 0-0: Ground out 6-3 (Groundball, 6, EV 81.3 MPH)
Top of the 1st over - 0 runs, 0 hits, 0 errors, 0 left on base; Columbus 0 - Richmond 0
BOTTOM OF THE 1ST
Richmond Braves batting - Pitching for Columbus Jets : RHP Jose Rijo
Pitching: RHP Jose Rijo
Batting: LHB Dan Rohn 0-0: DOUBLE (Line Drive, 3D, EV 96.9 MPH)
Batting: RHB Dave Stegman 0-0: Foul Ball, location: 2F
0-1: Foul Ball, location: 2F
0-2: Ball
Wild Pitch!
Dan Rohn to third
1-2: Ball
2-2: Ground out 6-3 (Groundball, 56, EV 85.0 MPH)
Dan Rohn scores
Batting: SHB Howard Johnson 0-0: Swinging Strike
0-1: Ball
1-1: Ball
2-1: Ball
3-1: Called Strike
3-2: Base on Balls
Batting: LHB Chris Evans 0-0: Ball
1-0: Ball
2-0: Ball
3-0: Called Strike
3-1: DOUBLE (Line Drive, 8RXD, EV 103.8 MPH)
Howard Johnson to third
Batting: RHB Mike Fuentes 0-0: Foul Ball, location: 2F
0-1: Swinging Strike
0-2: Ball
1-2: Foul Ball, location: 2F
1-2: Foul Ball, location: 2F
1-2: Foul Ball, location: 2F
1-2: Ball
2-2: 3-RUN HOME RUN (Flyball, 7D, EV 107.5 MPH), Distance : 375 ft
Batting: LHB Matt Winters 0-0: Fly out, F8 (Flyball, 8LM, EV 88.1 MPH)
Batting: LHB Max Venable 0-0: Ball
1-0: Ground out U3 (Groundball, 34, EV 110.0 MPH)
Bottom of the 1st over - 4 runs, 3 hits, 0 errors, 0 left on base; Columbus 0 - Richmond 4
TOP OF THE 2ND
Columbus Jets batting - Pitching for Richmond Braves : RHP Jeff D Robinson
Batting: LHB Paul Hollins 0-0: Ground out U3 (Groundball, 3, EV 88.8 MPH)
Batting: RHB Jackie Gutierrez 0-0: Foul Ball, location: 2F
0-1: Foul Ball, location: 2F
0-2: Foul Ball, location: 2F
0-2: Strikes out swinging
Batting: RHB Michael Ventress 0-0: Ball
1-0: SINGLE (Line Drive, 56, EV 97.5 MPH)
Batting: LHB Mike Lebo 0-0: Swinging Strike
0-1: Ball
1-1: Ball
2-1: Foul Ball, location: 2F
2-2: Foul Ball, location: 2F
2-2: Ball
3-2: Strikes out looking
Top of the 2nd over - 0 runs, 1 hit, 0 errors, 1 left on base; Columbus 0 - Richmond 4
BOTTOM OF THE 2ND
Richmond Braves batting - Pitching for Columbus Jets : RHP Jose Rijo
Pitching: RHP Jose Alonso
Batting: SHB Julio Cruz 0-0: Foul Ball, location: 2F
0-1: Ball
1-1: Called Strike
1-2: Ball
2-2: Ground out 4-3 (Groundball, 34, EV 88.1 MPH)
Batting: RHB Marc Sullivan 0-0: Ball
1-0: Foul Ball, location: 2F
1-1: Foul Ball, location: 2F
1-2: Strikes out looking
Batting: LHB Dan Rohn 0-0: Ball
1-0: SINGLE (Groundball, 6MD, EV 94.4 MPH)
Batting: RHB Dave Stegman 0-0: Called Strike
0-1: Ball
1-1: Ball
2-1: Ball
3-1: Foul Ball, location: 2F
Pickoff Throw to First - Error! E1
Dan Rohn to second
3-2: Strikes out swinging
Bottom of the 2nd over - 0 runs, 1 hit, 1 error, 1 left on base; Columbus 0 - Richmond 4
TOP OF THE 3RD
Columbus Jets batting - Pitching for Richmond Braves : RHP Jeff D Robinson
Batting: LHB Craig Brooks 0-0: Called Strike
0-1: Foul Ball, location: 2F
0-2: Foul Ball, location: 2F
0-2: Ball
1-2: Strikes out swinging
Batting: RHB Glenn Goya 0-0: Fly out, F9 (Flyball, 9LS, EV 88.8 MPH)
Batting: RHB Greg Schultz 0-0: Called Strike
0-1: SINGLE (Line Drive, 6MD, EV 98.8 MPH)
Batting: RHB Jim Maler 0-0: Called Strike
0-1: Ball
1-1: Ball
2-1: Ball
3-1: Fielders Choice at 2nd, 5-4 (Groundball, 56, EV 90.0 MPH)
Top of the 3rd over - 0 runs, 1 hit, 0 errors, 1 left on base; Columbus 0 - Richmond 4
BOTTOM OF THE 3RD
Richmond Braves batting - Pitching for Columbus Jets : RHP Jose Alonso
Batting: SHB Howard Johnson 0-0: Called Strike
0-1: Fly out, F4 (Popup, 34S, EV 79.4 MPH)
Batting: LHB Chris Evans 0-0: Called Strike
0-1: Foul Ball, location: 2F
0-2: Ground out 3-1 (Groundball, 34, EV 85.0 MPH)
Batting: RHB Mike Fuentes 0-0: Foul Ball, location: 2F
0-1: Swinging Strike
0-2: Strikes out looking
Bottom of the 3rd over - 0 runs, 0 hits, 0 errors, 0 left on base; Columbus 0 - Richmond 4
TOP OF THE 4TH
Columbus Jets batting - Pitching for Richmond Braves : RHP Jeff D Robinson
Batting: RHB Danny Tartabull 0-0: DOUBLE (Flyball, 8RXD, EV 93.8 MPH)
Batting: LHB Paul Hollins 0-0: Swinging Strike
0-1: Foul Ball, location: 2F
0-2: Strikes out swinging
Batting: RHB Jackie Gutierrez 0-0: Ball
1-0: Ball
2-0: Ground out 4-3 (Groundball, 4M, EV 85.0 MPH)
Danny Tartabull to third
Batting: RHB Michael Ventress 0-0: SINGLE (Flyball, 9S, EV 90.0 MPH)
Danny Tartabull scores
Batting: LHB Mike Lebo 0-0: Called Strike
0-1: Ball
1-1: Foul Ball, location: 2F
1-2: Foul Ball, location: 2F
1-2: Ball
2-2: Ball
3-2: Foul Ball, location: 2F
3-2: Fly out, F6 (Popup, 4MS, EV 77.5 MPH)
Top of the 4th over - 1 run, 2 hits, 0 errors, 1 left on base; Columbus 1 - Richmond 4
BOTTOM OF THE 4TH
Richmond Braves batting - Pitching for Columbus Jets : RHP Jose Alonso
Batting: LHB Matt Winters 0-0: Ball
1-0: Foul Ball, location: 2F
1-1: Swinging Strike
1-2: Ball
2-2: Ground out 6-3 (Groundball, 6D, EV 90.0 MPH)
Batting: LHB Max Venable 0-0: Swinging Strike
0-1: Ball
1-1: Fly out, F7 (Flyball, 7S, EV 88.1 MPH)
Batting: SHB Julio Cruz 0-0: Ball
1-0: Foul Ball, location: 2F
1-1: Ball
2-1: Ball
3-1: Called Strike
3-2: Fly out, F8 (Flyball, 89M, EV 95.0 MPH)
Bottom of the 4th over - 0 runs, 0 hits, 0 errors, 0 left on base; Columbus 1 - Richmond 4
TOP OF THE 5TH
Columbus Jets batting - Pitching for Richmond Braves : RHP Jeff D Robinson
Batting: LHB Craig Brooks 0-0: Ball
1-0: Ball
2-0: Ground out 4-3 (Groundball, 13, EV 82.5 MPH)
Batting: RHB Glenn Goya 0-0: Called Strike
0-1: Ground out 4-3 (Groundball, 34, EV 81.9 MPH)
Batting: RHB Greg Schultz 0-0: Fly out, F8 (Line Drive, 8RD, EV 88.1 MPH)
Top of the 5th over - 0 runs, 0 hits, 0 errors, 0 left on base; Columbus 1 - Richmond 4
BOTTOM OF THE 5TH
Richmond Braves batting - Pitching for Columbus Jets : RHP Jose Alonso
Batting: RHB Marc Sullivan 0-0: Ball
1-0: Called Strike
1-1: Ball
2-1: Reached on error, E6 (Flyball, 56D, EV 85.6 MPH)
Batting: LHB Dan Rohn 0-0: Ball
1-0: Ball
2-0: Called Strike
2-1: Foul Ball, location: 2F
2-2: DOUBLE (Line Drive, 89D, EV 98.1 MPH)
Marc Sullivan to third
Batting: RHB Dave Stegman 0-0: Called Strike
0-1: Ball
1-1: DOUBLE (Flyball, 3D, EV 78.8 MPH)
Marc Sullivan scores
Dan Rohn scores
Batting: SHB Howard Johnson 0-0: Called Strike
0-1: SINGLE (Groundball, 34S, EV 86.9 MPH) (infield hit)
Dave Stegman to third
Batting: LHB Chris Evans 0-0: Ball
1-0: Ball
2-0: Ball
3-0: Called Strike
3-1: Called Strike
3-2: DOUBLE (Line Drive, 9D, EV 93.1 MPH)
Dave Stegman scores
Howard Johnson to third
Howard Johnson scores
Batting: RHB Mike Fuentes 0-0: Called Strike
0-1: Swinging Strike
0-2: SINGLE (Groundball, 25, EV 74.4 MPH) (infield hit)
Chris Evans to third
Batting: LHB Matt Winters 0-0: Called Strike
0-1: Ball
1-1: Ball
2-1: Swinging Strike
2-2: Ball
3-2: Base on Balls
Mike Fuentes to second
Batting: LHB Max Venable 0-0: Grounds into double play, 4-6-3 (Groundball, 4, EV 91.3 MPH)
Chris Evans scores
Mike Fuentes to third
Pitching: RHP John Maxson
Batting: SHB Julio Cruz 0-0: Ball
1-0: Foul Ball, location: 2F
1-1: Called Strike
1-2: Fly out, F9 (Line Drive, 9, EV 105.6 MPH)
Bottom of the 5th over - 5 runs, 5 hits, 1 error, 1 left on base; Columbus 1 - Richmond 9
TOP OF THE 6TH
Columbus Jets batting - Pitching for Richmond Braves : RHP Jeff D Robinson
Batting: RHB Jim Maler 0-0: Swinging Strike
0-1: Foul Ball, location: 2F
0-2: Foul Ball, location: 2F
0-2: Ball
1-2: Ball
2-2: Foul Ball, location: 2F
2-2: Ball
3-2: Base on Balls
Batting: RHB Danny Tartabull 0-0: Ball
1-0: Foul Ball, location: 2F
1-1: Fielders Choice at 2nd, 1-4 (Groundball, P, EV 73.1 MPH)
Batting: LHB Paul Hollins 0-0: Called Strike
0-1: Ball
1-1: Ball
2-1: Ball
3-1: Foul Ball, location: 2F
3-2: Base on Balls
Danny Tartabull to second
Batting: RHB Jackie Gutierrez 0-0: Ball
1-0: SINGLE (Groundball, 56D, EV 95.6 MPH)
Danny Tartabull to third
Paul Hollins to second
Runner from 3rd tries for Home, SAFE, throw by LF to home
Batting: RHB Michael Ventress 0-0: Foul Ball, location: 2F
0-1: Ball
1-1: Ball
2-1: Foul Ball, location: 2F
2-2: Ball
3-2: Grounds into double play, 4-6-3 (Groundball, 4, EV 100.6 MPH)
Top of the 6th over - 1 run, 1 hit, 0 errors, 1 left on base; Columbus 2 - Richmond 9
BOTTOM OF THE 6TH
Richmond Braves batting - Pitching for Columbus Jets : RHP John Maxson
Batting: RHB Marc Sullivan 0-0: Ball
1-0: Fly out, F7 (Flyball, 7, EV 82.5 MPH)
Batting: LHB Dan Rohn 0-0: Called Strike
0-1: Ball
1-1: Ball
2-1: Foul Ball, location: 2F
2-2: Ball
3-2: Base on Balls
Batting: RHB Dave Stegman 0-0: Called Strike
Dan Rohn steals 2nd base
0-1: Ball
1-1: Ground out 4-3 (Groundball, 4, EV 105.6 MPH)
Dan Rohn to third
Batting: SHB Howard Johnson 0-0: Ball
1-0: Called Strike
1-1: Ball
2-1: Ball
3-1: Base on Balls
Batting: LHB Chris Evans 0-0: Ball
1-0: Foul Ball, location: 2F
1-1: Called Strike
1-2: Strikes out swinging
Bottom of the 6th over - 0 runs, 0 hits, 0 errors, 2 left on base; Columbus 2 - Richmond 9
TOP OF THE 7TH
Columbus Jets batting - Pitching for Richmond Braves : RHP Jeff D Robinson
Batting: LHB Mike Lebo 0-0: Called Strike
0-1: Swinging Strike
0-2: Ball
1-2: SINGLE (Groundball, 56, EV 101.9 MPH)
Batting: LHB Craig Brooks 0-0: Ball
1-0: Foul Ball, location: 2F
1-1: Called Strike
1-2: Ball
2-2: Ball
3-2: Foul Ball, location: 2F
3-2: Strikes out swinging
Mike Lebo steals 2nd base (no throw)
Batter strikes out.
Batting: RHB Glenn Goya 0-0: SINGLE (Groundball, 6MD, EV 107.5 MPH)
Mike Lebo to third
Runner from 3rd tries for Home, SAFE, throw by CF to home
Batting: RHB Greg Schultz 0-0: Ball
1-0: Ball
2-0: Foul Ball, location: 2F
2-1: Ball
3-1: Called Strike
3-2: Foul Ball, location: 2F
3-2: Strikes out swinging
Batting: RHB Jim Maler 0-0: Called Strike
0-1: SINGLE (Line Drive, 6D, EV 98.8 MPH)
Glenn Goya to second
Batting: RHB Danny Tartabull 0-0: Ball
Passed Ball!
Glenn Goya to third
Jim Maler to second
1-0: Ball
2-0: SINGLE (Line Drive, 7S, EV 106.3 MPH)
Glenn Goya scores
Jim Maler to third
Runner from 3rd tries for Home, SAFE, throw by LF to home
Batting: LHB Paul Hollins 0-0: Ball
1-0: Foul Ball, location: 2F
1-1: Called Strike
1-2: Fly out, F8 (Flyball, 8LS, EV 85.6 MPH)
Top of the 7th over - 3 runs, 4 hits, 0 errors, 1 left on base; Columbus 5 - Richmond 9
BOTTOM OF THE 7TH
Richmond Braves batting - Pitching for Columbus Jets : RHP John Maxson
Batting: RHB Mike Fuentes 0-0: Foul Ball, location: 2F
0-1: Fly out, F9 (Flyball, 9, EV 85.6 MPH)
Batting: LHB Matt Winters 0-0: Ball
1-0: Ground out 6-3 (Groundball, 6, EV 93.8 MPH)
Batting: LHB Max Venable 0-0: Ball
1-0: Ball
2-0: Foul Ball, location: 2F
2-1: Foul Ball, location: 2F
2-2: Fly out, F7 (Flyball, 7LM, EV 83.8 MPH)
Bottom of the 7th over - 0 runs, 0 hits, 0 errors, 0 left on base; Columbus 5 - Richmond 9
TOP OF THE 8TH
Columbus Jets batting - Pitching for Richmond Braves : RHP Jeff D Robinson
Batting: RHB Jackie Gutierrez 0-0: Called Strike
0-1: Swinging Strike
0-2: Ball
1-2: SINGLE (Flyball, 8RS, EV 89.4 MPH)
Batting: RHB Michael Ventress 0-0: Swinging Strike
0-1: Ball
1-1: Fly out, F9 (Flyball, 9LM, EV 90.6 MPH)
Batting: LHB Mike Lebo 0-0: Swinging Strike
0-1: Fly out, F9 (Line Drive, 9D, EV 94.4 MPH)
Batting: LHB Craig Brooks 0-0: Foul Ball, location: 2F
0-1: Called Strike
0-2: Ball
1-2: Ball
2-2: Foul Ball, location: 2F
2-2: Ball
3-2: Strikes out swinging
Top of the 8th over - 0 runs, 1 hit, 0 errors, 1 left on base; Columbus 5 - Richmond 9
BOTTOM OF THE 8TH
Richmond Braves batting - Pitching for Columbus Jets : RHP John Maxson
Batting: SHB Julio Cruz 0-0: Ball
1-0: Ball
2-0: Ball
3-0: Called Strike
3-1: Base on Balls
Batting: RHB Marc Sullivan 0-0: Called Strike
Julio Cruz steals 2nd, throwing error, E2
Julio Cruz to third
0-1: Foul Ball, location: 2F
0-2: Ball
1-2: Foul Ball, location: 2F
1-2: Ball
2-2: Ball
3-2: Strikes out swinging
Pitching: RHP Freddy Laro
Batting: LHB Dan Rohn 0-0: Ball
1-0: Ball
2-0: Ball
3-0: Base on Balls
Batting: RHB Dave Stegman 0-0: Ball
Dan Rohn is caught stealing 2nd base 2-4
1-0: Ground out 5-3 (Groundball, 56, EV 85.0 MPH)
Bottom of the 8th over - 0 runs, 0 hits, 1 error, 1 left on base; Columbus 5 - Richmond 9
TOP OF THE 9TH
Columbus Jets batting - Pitching for Richmond Braves : RHP Jeff D Robinson
Pitching: LHP Richard Mahlmann
Batting: RHB Glenn Goya 0-0: Called Strike
0-1: Ball
1-1: SINGLE (Groundball, 34D, EV 95.0 MPH)
Batting: RHB Greg Schultz 0-0: Ball
1-0: Called Strike
1-1: Ball
2-1: Ball
3-1: Called Strike
3-2: Strikes out swinging
Batting: RHB Jim Maler 0-0: Ball
1-0: Called Strike
1-1: Called Strike
1-2: Ball
2-2: Ball
3-2: Base on Balls
Glenn Goya to second
Batting: RHB Danny Tartabull 0-0: Called Strike
0-1: Swinging Strike
0-2: Ball
1-2: Strikes out swinging
Batting: LHB Paul Hollins 0-0: Ball
1-0: Swinging Strike
1-1: Ball
2-1: Called Strike
2-2: Strikes out swinging
Top of the 9th over - 0 runs, 1 hit, 0 errors, 2 left on base; Columbus 5 - Richmond 9
Monday, August 17th, 2020 - OOTP Baseball 21.5 Build 76